 Dungeon Crawl Stone Soup version 0.30-a0-691-g754fce4c43 (webtiles) character file.

Game seed: 14558665976399172943

235 IdlyInterested the Cudgeller (level 5, -25/38 HPs)
             Began as a Demonspawn Gladiator on Jan 19, 2023.
             Annihilated by an ogre
             ... wielding a +0 giant spiked club
              (27 damage)
             ... on level 4 of the Dungeon.
             The game lasted 00:09:26 (3757 turns).

IdlyInterested the Cudgeller (Demonspawn Gladiator) Turns: 3757, Time: 00:09:26

Health: -25/38     AC: 13    Str: 16    XL:     5   Next: 76%
Magic:  5/5        EV:  5    Int:  9    God:
Gold:   197        SH:  0    Dex: 15    Spells: 4/4 levels left

rFire   . . .      SeeInvis .    a - +1 flail
rCold   . . .      Faith    .    (no shield)
rNeg    + . .      Spirit   .    o - +0 plate armour
rPois   .          Reflect  .    (helmet restricted)
rElec   .          Harm     .    c - +0 cloak
rCorr   .          Rampage  .    l - +0 pair of gloves
Will    .....                    (no boots) Stlth
                                 (no amulet)
HPRegen 0.26/turn                m - ring of positive energy
MPRegen 0.09/turn                (no ring)

@: no status effects
A: antennae 1, sharp scales 1, demonic magic 1
a: no special abilities


You were on level 4 of the Dungeon.
You visited 1 branch of the dungeon, and saw 4 of its levels.

You collected 197 gold pieces.

Inventory:

Hand Weapons
 a - a +1 flail (weapon)
Missiles
 d - 3 throwing nets
 e - a javelin
 f - 8 stones (quivered)
 j - 3 boomerangs
Armour
 c - a +0 cloak (worn)
 l - a +0 pair of gloves (worn)
 o - a +0 plate armour (worn)
Jewellery
 m - a ring of positive energy (left hand)
Wands
 p - a wand of polymorph (9)
Scrolls
 i - a scroll of blinking
Potions
 b - 2 potions of curing
 g - 3 potions of invisibility
 h - 2 potions of heal wounds {unknown}
 k - a potion of might
 n - a potion of haste


   Skills:
 - Level 2.0 Fighting
 * Level 5.7 Maces & Flails
 + Level 1.9 Throwing
 - Level 1.0 Armour
 - Level 2.6 Dodging


You had 4 spell levels left.
You didn't know any spells.
Your spell library contained the following spells:

 Spells                   Type           Power      Damage    Failure   Level
 Blink                    Tloc           0%         N/A       100%        2
 Lesser Beckoning         Tloc           0%         N/A       100%        2
 Momentum Strike          Conj/Tloc      0%         3d8       100%        2
 Gell's Gravitas          Tloc           0%         N/A       100%        3
 Teleport Other           Tloc           0%         N/A       100%        3
 Fireball                 Conj/Fire      0%         3d3       100%        5
 Iskenderun's Battlesphe  Conj           0%         2d6       100%        5
 Conjure Ball Lightning   Conj/Air       0%         3x3d6     100%        6
 Dispersal                Tloc           0%         N/A       100%        6
 Orb of Destruction       Conj           0%         9d5       100%        7


Dungeon Overview and Level Annotations

Branches:
Dungeon (4/15)             Temple (0/1) D:4

Altars:
Cheibriados
Gozag

Shops:
D:1 [


Innate Abilities, Weirdness & Mutations

You have a pair of small antennae on your head.
You are partially covered in razor-sharp scales. (AC +1, Slay +1)
Spells you cast may paralyse adjacent enemies.


Message History

The ogre is lightly wounded.
Throw: 12 stones
Press: ? - help, Q - select action, (/) - cycle Shift-Dir - straight line, f/p - ogre
Aim: an ogre, wielding a +0 giant spiked club (lightly wounded, 75% to hit)
You throw a stone. The stone hits the ogre.
The ogre is lightly wounded.
Throw: 11 stones
Press: ? - help, Q - select action, (/) - cycle Shift-Dir - straight line, f/p - ogre
Aim: an ogre, wielding a +0 giant spiked club (lightly wounded, 75% to hit)
You throw a stone. The stone barely misses the ogre.
Throw: 10 stones
Press: ? - help, Q - select action, (/) - cycle Shift-Dir - straight line, f/p - ogre
Aim: an ogre, wielding a +0 giant spiked club (lightly wounded, 75% to hit)
You throw a stone. The stone closely misses the ogre.
Throw: 9 stones
Press: ? - help, Q - select action, (/) - cycle Shift-Dir - straight line, f/p - ogre
Aim: an ogre, wielding a +0 giant spiked club (lightly wounded, 75% to hit)
You throw a stone. The stone hits the ogre.
The ogre is lightly wounded.
You sock the ogre!
The ogre is severely wounded.
The ogre barely misses you.
You barely miss the ogre.
The ogre is severely wounded.
You hit the ogre.
The ogre is severely wounded.
The ogre hits you with a +0 giant spiked club!
You completely miss the ogre.
The ogre is severely wounded.
The ogre hits you with a +0 giant spiked club.
You sock the ogre!
The ogre is almost dead.
The ogre hits you with a +0 giant spiked club!!
Ouch! That really hurt!
* * * LOW HITPOINT WARNING * * *
You closely miss the ogre.
The ogre is almost dead.
The ogre hits you with a +0 giant spiked club!!
Ouch! That really hurt!
You die...

# #... #
#... .##.
#..# ..(..
#..#
.....##..#
.........#
.........#
......O@.+
##########
.. #.. #.#
#.# #.#
###.#


You could see an ogre.

Vanquished Creatures
  A jelly (D:4)
  An iguana (D:4)
  Terence (D:2)
  Natasha (thrice) (D:3)
  3 adders
  5 orcs
  6 endoplasms
  3 giant cockroaches
  6 goblins
  6 hobgoblins (D:1)
  A quokka (D:1)
  6 ball pythons
  3 bats
  A frilled lizard (D:2)
  2 kobolds
  4 rats
52 creatures vanquished.

Notes
Turn   | Place    | Note
-------+----------+-------------------------------------------
     0 | D:1      | IdlyInterested the Demonspawn Gladiator began the quest for
                  | the Orb.
     0 | D:1      | Reached XP level 1. HP: 16/16 MP: 1/1
    80 | D:1      | Reached skill level 3 in Maces & Flails
   291 | D:1      | Gained mutation: You are partially covered in razor-sharp
                  | scales. (AC +1, Slay +1) [demonic ancestry]
   291 | D:1      | Reached XP level 2. HP: 22/22 MP: 2/2
   347 | D:1      | Found Enaured's Antique Armour Emporium.
   828 | D:2      | Reached XP level 3. HP: 26/27 MP: 3/3
  1207 | D:2      | Reached skill level 4 in Maces & Flails
  1322 | D:2      | Noticed Terence
  1336 | D:2      | Killed Terence
  1556 | D:2      | Gained mutation: You have a pair of small antennae on your
                  | head. [demonic ancestry]
  1556 | D:2      | Reached XP level 4. HP: 30/33 MP: 4/4
  2138 | D:3      | Reached skill level 1 in Armour
  2305 | D:3      | Noticed Natasha
  2312 | D:3      | Killed Natasha
  2638 | D:3      | Found a snail-covered altar of Cheibriados.
  2641 | D:3      | Found an opulent altar of Gozag.
  3340 | D:3      | Noticed Natasha
  3348 | D:3      | Killed Natasha
  3349 | D:3      | Reached skill level 5 in Maces & Flails
  3349 | D:3      | Gained mutation: Spells you cast may paralyse adjacent
                  | enemies. [demonic ancestry]
  3349 | D:3      | Reached XP level 5. HP: 38/38 MP: 5/5
  3378 | D:4      | Found a staircase to the Ecumenical Temple.
  3683 | D:3      | Noticed Natasha
  3695 | D:3      | Killed Natasha
  3746 | D:4      | Noticed an ogre
  3756 | D:4      | HP: 1/38 [ogre/+0 giant spiked club (19)]
  3757 | D:4      | Annihilated by an ogre

Illustrated notes

Levels and vault maps discovered:
D:1:      onia_arrival_handbag, layout_basic, serial_glass, glass_columns_b,
          glass_columns_a, serial_shops, shop, minmay_misc_feat_chi
D:2:      layout_basic, uniq_terence
D:3:      layout_loops_corners, nicolae_overflow_squiral, uniq_natasha
D:4:      layout_gridville, general_overflow_altar, trog_antimagical,
          temple_statues, minmay_misc_feat_cross, uniq_edmund

Skill      XL: |  1  2  3  4 |
---------------+-------------+-----
Maces & Flails | 3 4 5 |  5.7
Armour         | 1 |  1.0
Fighting       | |  2.0
Throwing       | |  1.9
Dodging        | |  2.6

Action                   |  1- 3 |  4- 6 || total
-------------------------+-------+-------++-------
Melee: Flail             |    84 |    64 ||   148
       Punch             |       |     1 ||     1
Throw: Throwing net      |     1 |       ||     1
       Stone             |       |    27 ||    27
  Use: Scroll            |     4 |     3 ||     7
       Potion            |     1 |       ||     1
Armor: Scale mail        |    29 |       ||    29
       Chain mail        |     4 |    15 ||    19
       Plate armour      |       |    22 ||    22
       Skin              |       |     4 ||     4
Dodge: Dodged            |    44 |    26 ||    70

Table legend: (Time is in decaauts)
 A = Elapsed time spent in this place.
 B = Non-inter-level travel time spent in this place.
 C = Inter-level travel time spent in this place.
 D = Time resting spent in this place.
 E = Time spent auto-exploring this place.
 F = Levels seen in this place.
 G = Mean time per level.
                   A        B        C        D        E       F      G
               +--------+--------+--------+--------+--------+-----+--------+
         Total |   3794 |   2493 |   1301 |    308 |   1471 |   4 |  948.5 |
       Dungeon |   3794 |   2493 |   1301 |    308 |   1471 |   4 |  948.5 |
               +--------+--------+--------+--------+--------+-----+--------+

Top non-repeatable levels by time:
     D:3: 1656 daAuts
     D:2: 1096 daAuts
     D:1: 965 daAuts
     D:4: 75 daAuts
